 Dungeon Crawl Stone Soup version 0.26.0-3-g156281e41b (webtiles) character file.

Game seed: 11273183222312777853

61 jackrogers the Chopper (level 3, -2/30 HPs)
             Began as a Minotaur Gladiator on Jan 10, 2021.
             Was a Believer of Lugonu.
             Slain by Sigmund
             ... wielding a +0 scythe
              (6 damage)
             ... on level 2 of the Dungeon.
             The game lasted 00:02:36 (1578 turns).

jackrogers the Chopper (Minotaur Gladiator)         Turns: 1578, Time: 00:02:36

Health: -2/30      AC:  5    Str: 19    XL:     3   Next: 83%
Magic:  2/2        EV: 11    Int:  5    God:    Lugonu [**....]
Gold:   121        SH:  3    Dex: 11    Spells: 2/2 levels left

rFire    . . .     SeeInvis .   a - +0 war axe
rCold    . . .     Faith    .   j - +0 buckler
rNeg     . . .     Spirit   .   i - +0 ring mail
rPois    .         Reflect  .   c - +0 hat
rElec    .         Harm     .   (no cloak)
rCorr    .         Rampage  .   (no gloves)
Will     .....                  (no boots)
Stlth    +.........             (no amulet)
HPRegen  0.10/turn              (no ring)
MPRegen  0.08/turn              (no ring)

@: flying, very slightly contaminated, hasted, invisible, very quick
A: retaliatory headbutt, horns 2
a: Renounce Religion, Depart the Abyss, Bend Space


You were on level 2 of the Dungeon.
You worshipped Lugonu.
Lugonu was pleased with you.
You visited 1 branch of the dungeon, and saw 2 of its levels.

You collected 121 gold pieces.

Inventory:

Hand Weapons
 a - a +0 war axe (weapon)
Missiles
 d - 3 throwing nets {=f, !d}
 h - 62 stones (quivered)
Armour
 b - a +0 leather armour
 c - a +0 hat (worn)
 i - a +0 ring mail (worn)
   (You found it on level 1 of the Dungeon)
 j - a +0 buckler (worn)
   (You found it on level 1 of the Dungeon)
Wands
 n - a wand of iceblast (13)
   (You found it on level 2 of the Dungeon)
Scrolls
 f - 3 scrolls of identify {unknown}
 g - a scroll of blinking {unknown}
 k - a scroll of enchant armour {unknown}
 m - a scroll of immolation {unknown}
 o - a scroll of enchant weapon {unknown}
 p - a scroll of noise {unknown}
Potions
 l - a potion of flight


   Skills:
 - Level 2.4 Fighting
 + Level 5.8 Axes
 - Level 2.0 Throwing
 - Level 3.2 Dodging


You had 2 spell levels left.
You didn't know any spells.
Your spell library was empty.

Dungeon Overview and Level Annotations

Branches:
Dungeon (2/15)

Altars:
Kikubaaqudgha
Lugonu

Annotations:
D:2 Sigmund


Innate Abilities, Weirdness & Mutations

You reflexively headbutt those who attack you in melee.
You have a pair of horns on your head.


Message History

You throw a stone.
The stone hits the ball python but does no damage.
You throw a stone. The stone hits the ball python.
You barely miss the ball python.
You headbutt the ball python, but do no damage.
The ball python closely misses you. You furiously retaliate!
You headbutt the ball python!
You kill the ball python!
No target in view!
No target in view!
You now have 110 gold pieces (gained 12).
h - 66 stones (gained 1)
h - 67 stones (gained 1)
You now have 121 gold pieces (gained 11).
You open the door.
A kobold comes into view.
The kobold shouts!
A kobold is nearby!
A kobold is nearby!
You throw a stone. The stone barely misses the kobold.
You throw a stone.
The stone hits the kobold but does no damage.
You throw a stone.
The stone hits the kobold but does no damage.
You throw a stone.
The stone hits the kobold but does no damage.
You throw a stone.
The stone hits the kobold but does no damage.
You barely miss the kobold. You block the kobold's attack.
You slash the kobold!
You kill the kobold!
No target in view!
A giant cockroach comes into view.
You throw a stone. The stone hits the giant cockroach.
You closely miss the giant cockroach.
The giant cockroach waves its antennae.
The giant cockroach bites you but does no damage.
The giant cockroach bites you.
You closely miss the giant cockroach.
Your headbutt misses the giant cockroach.
The giant cockroach bites you but does no damage.
You hit the giant cockroach but do no damage.
The giant cockroach bites you but does no damage. x2
You closely miss the giant cockroach.
You headbutt the giant cockroach, but do no damage.
You block the giant cockroach's attack.
You slash the giant cockroach!
You kill the giant cockroach!
No target in view!
There is a faded altar of an unknown god here.
You cannot tell which god this altar belongs to.
Convert to them anyway?
Lugonu accepts your prayer! Lugonu welcomes you!
You can now depart the Abyss.
You can now bend space around yourself.
You start resting.
Unknown command.
Press < or > to pray at altars.
h - 62 stones (gained 1)
There is a stone staircase leading up here.
Sigmund the Dreaded comes into view.
He is wielding a +0 scythe.
Sigmund shouts!
You hear a shout!
A kobold comes into view. It is wielding a +0 short sword.
Spoiler Alert: Sigmund can cast Slow, Confuse, Throw Flame, and go Invisible!
You hit the kobold but do no damage. Your headbutt misses the kobold.
The kobold hits you but does no damage. Sigmund hits you but does no damage.
The kobold hits you with a +0 short sword.
You hit the kobold but do no damage. Your headbutt misses the kobold.
The kobold hits you with a +0 short sword.
Sigmund hits you from afar with a +0 scythe.
Spoiler Alert: Sigmund can cast Slow, Confuse, Throw Flame, and go Invisible!
You barely miss the kobold. The kobold closely misses you.
Sigmund hits you from afar with a +0 scythe!
* * * LOW HITPOINT WARNING * * *
It was a potion of flight.
You feel very buoyant.
You fly up into the air.
The kobold hits you but does no damage.
Spoiler Alert: Sigmund can cast Slow, Confuse, Throw Flame, and go Invisible!
It was a potion of haste.
You feel yourself speed up. The kobold barely misses you.
Sigmund gestures at himself while chanting.
Sigmund flickers and vanishes!
Deactivating autopickup; reactivate with Ctrl-A.
It was a potion of invisibility.
You fade into invisibility!
The kobold misses you. You furiously retaliate!
You headbutt the kobold!
You kill the kobold!
Lugonu accepts your kill. Something hits you but does no damage.
You are very lightly contaminated with residual magic.
Things that are here:
a +0 short sword; a kobold corpse You barely miss something.
You hear some strange, mumbled words.
Something tries to affect you, but you resist.
You miss something. Something hits you.
* * * LOW HITPOINT WARNING * * *
You miss something. You closely miss something. You headbutt something.
Something hits you.
You die...

#.# #.# #### #.#
....# #.#
#..#######.#
#.......##.## #
####.#..♣.......
#.###......♣_♣.##.##
#.{@........♣..#...#
#.###.###...........
#.###.....<..###...#
#.........#.## ##.##
###########.# #.#
#.# #.# #.# #.# #.#


There were no monsters in sight!

Vanquished Creatures
  An adder (D:2)
  4 dart slugs
  2 ball pythons (D:2)
  3 giant cockroaches
  4 goblins
  9 hobgoblins (D:1)
  3 jackals (D:1)
  2 frilled lizards
  7 kobolds
  5 rats (D:1)
40 creatures vanquished.

Vanquished Creatures (others)
  4 toadstools (D:1)
4 creatures vanquished.

Grand Total: 44 creatures vanquished

Notes
Turn   | Place    | Note
-------+----------+-------------------------------------------
     0 | D:1      | jackrogers the Minotaur Gladiator began the quest for the
                  | Orb.
     0 | D:1      | Reached XP level 1. HP: 18/18 MP: 0/0
    19 | D:1      | Reached skill level 4 in Axes
    93 | D:1      | Reached XP level 2. HP: 17/25 MP: 1/1
   328 | D:1      | Reached skill level 5 in Axes
   394 | D:1      | Reached XP level 3. HP: 30/30 MP: 2/2
  1164 | D:2      | Found an ancient bone altar of Kikubaaqudgha.
  1446 | D:2      | Found a faded altar of an unknown god.
  1538 | D:2      | Became a worshipper of Lugonu the Unformed
  1538 | D:2      | Reached * piety under Lugonu
  1538 | D:2      | Reached ** piety under Lugonu
  1566 | D:2      | Noticed Sigmund
  1576 | D:2      | HP: 4/30 [something (5)]
  1578 | D:2      | Slain by Sigmund

Illustrated notes

Levels and vault maps discovered:
D:1:      ldierk_walled_garden_2, layout_loops_ring,
          chequers_hall_statues_corner_a, minmay_misc_feat_columns
D:2:      layout_loops_corners, lemuel_coloured_pillars_altar,
          chequers_ecumenical_altar_simple, wad_floor_pattern_untrapped,
          kennysheep_big_empty_room, nicolae_tso_swordbearing_angel,
          uniq_sigmund

Skill      XL: |  1  2 |
---------------+-------+-----
Axes           | 4 5 |  5.8
Fighting       | |  2.4
Throwing       | |  2.0
Dodging        | |  3.2

Action                   || total
-------------------------++-------
Melee: War axe           ||    79
       Headbutt          ||     9
Throw: Stone             ||    66
  Use: Potion            ||     3
Armor: Leather armour    ||     7
       Ring mail         ||    12
Dodge: Dodged            ||    43
Block: Buckler           ||     8

Table legend: (Time is in decaauts)
 A = Elapsed time spent in this place.
 B = Non-inter-level travel time spent in this place.
 C = Inter-level travel time spent in this place.
 D = Time resting spent in this place.
 E = Time spent auto-exploring this place.
 F = Levels seen in this place.
 G = Mean time per level.
                   A        B        C        D        E       F      G
               +--------+--------+--------+--------+--------+-----+--------+
         Total |   1598 |   1466 |    132 |    101 |   1082 |   2 |  799.0 |
       Dungeon |   1598 |   1466 |    132 |    101 |   1082 |   2 |  799.0 |
               +--------+--------+--------+--------+--------+-----+--------+

Top non-repeatable levels by time:
     D:1: 860 daAuts
     D:2: 737 daAuts

Table legend:
 A = Kills in this place as a percentage of kills in entire the game.
 B = Kills by you in this place as a percentage of kills by you in the entire game.
 C = Kills by friends in this place as a percentage of kills by friends in the entire game.
 D = Other kills in this place as a percentage of other kills in the entire game.
 E = Experience gained in this place as a percentage of experience gained in the entire game.
 F = Experience gained in this place divided by the number of levels of this place that you have seen.
                   A       B       C       D       E      F
               +-------+-------+-------+-------+-------+----------------------
         Total | 100.0 | 100.0 |   N/A |   N/A | 100.0 |  44.0
       Dungeon | 100.0 | 100.0 |   N/A |   N/A | 100.0 |  44.0
               +-------+-------+-------+-------+-------+----------------------
